 Dungeon Crawl Stone Soup version 0.28.0 (webtiles) character file.

Game seed: 5124376937290460096

387 joshe the Cudgeller (level 6, 0/37 HPs)
             Began as a Gargoyle Fighter on Feb 19, 2022.
             Was an Initiate of Gozag.
             Slain by a killer bee (2 damage)
             ... on level 7 of the Dungeon.
             The game lasted 00:22:15 (4450 turns).

joshe the Cudgeller (Gargoyle Fighter)              Turns: 4450, Time: 00:22:16

Health: 0/37       AC: 11    Str: 20    XL:     6   Next: 78%
Magic:  6/6        EV:  9    Int: 12    God:    Gozag
Gold:   77         SH:  4    Dex:  9    Spells: 5/5 levels left

rFire   + . .      SeeInvis .   a - +0 flail
rCold   + . .      Faith    .   c - +0 buckler
rNeg    + . .      Spirit   .   b - +0 scale mail
rPois   ∞          Reflect  .   (no helmet)
rElec   +          Harm     .   (no cloak)
rCorr   .          Rampage  .   (no gloves)
Will    .....                   (no boots)
Stlth   ..........              i - amulet of the acrobat
HPRegen 0.12/turn               (no ring)
MPRegen 0.10/turn               (no ring)

@: no status effects
A: sickness immunity, AC +4, negative energy resistance 1, electricity
resistance, torment resistance 1, petrification resistance, clever 1, cold
resistance 1, fire resistance 1, wild magic 1
a: Renounce Religion, Potion Petition, Call Merchant, Bribe Branch


You were on level 7 of the Dungeon.
You worshipped Gozag.
Gozag was noncommittal.
You visited 1 branch of the dungeon, and saw 5 of its levels.

You collected 266 gold pieces.
You spent 162 gold pieces at shops.
You paid 27 gold pieces to Gozag.

Inventory:

Hand Weapons
 a - a +0 flail (weapon)
Missiles
 m - 4 poisoned darts (quivered)
Armour
 b - a +0 scale mail (worn)
 c - a +0 buckler (worn)
Jewellery
 i - an amulet of the acrobat (around neck)
Scrolls
 n - a scroll of magic mapping
Potions
 e - a potion of mutation
 f - a potion of brilliance
 g - a potion of magic


   Skills:
 + Level 3.4 Fighting
 - Level 7.0 Maces & Flails
 - Level 3.2 Armour
 - Level 3.2 Shields


You had 5 spell levels left.
You didn't know any spells.
Your spell library contained the following spells:

 Spells                   Type           Power      Damage    Failure   Level
 Ozocubu's Armour         Ice            0%         N/A       99%         3
 Metabolic Englaciation   Hex/Ice        0%         N/A       100%        5
 Simulacrum               Ice/Necr       0%         N/A       100%        6


Dungeon Overview and Level Annotations

Branches:
Dungeon (4/15)             Temple (0/1) D:7

Altars:
Gozag
Nemelex Xobeh
Ru
Xom

Shops:
D:1 *

Annotations:
D:4 2 transporters
D:7 1 transporter, GrayStillPlays's ghost, novice VSFi


Innate Abilities, Weirdness & Mutations

You are immune to sickness and miasma.
Your stone body is resilient. (AC +4)
You are immune to poison.
You resist negative energy. (rN+)
You are resistant to electric shocks. (rElec)
You are resistant to unholy torment.
You are immune to petrification.
Your mind is acute. (Int +2)
Your flesh is cold resistant. (rC+)
Your flesh is heat resistant. (rF+)
Your spells are a little harder to cast, but a little more powerful.


Message History

You feel aware of your surroundings.
You sensed 3 altars.
It was a scroll of magic mapping.
The killer bee closely misses you. You block the killer bee's attack.
As you read the scroll labelled PALEVU JIOHURCH, it crumbles to dust.
It is a scroll of amnesia.
You feel forgetful for a moment. The killer bee stings you.
* * * LOW HITPOINT WARNING * * *
The killer bee stings you but does no damage.
Blink to where?
Press: ? - help, Dir - move target Oops!
There was something there already!
You blink.
As you read the scroll of blinking, it crumbles to dust.
Okay, then.
Throw: 6 darts (poison)
Press: ? - help, Q - select action, (/) - cycle Shift-Dir - straight line, f - killer bee
Aim: a killer bee (19% to hit)
You throw a poisoned dart.
The poisoned dart barely misses the killer bee.
Throw: 5 darts (poison)
Press: ? - help, Q - select action, (/) - cycle Shift-Dir - straight line, f/p - killer bee
Aim: a killer bee (19% to hit)
You throw a poisoned dart. The poisoned dart hits the killer bee.
You block the killer bee's attack.
GrayStillPlays's ghost whispers, "Everlasting silence awaits you..."
The killer bee stings you.
* * * LOW HITPOINT WARNING * * *
You miss the killer bee. The killer bee barely misses you.
The killer bee stings you but does no damage.
You block the killer bee's attack.
GrayStillPlays's ghost says very slowly, "There's no hope."
The killer bee barely misses you.
You closely miss the killer bee.
The killer bee stings you but does no damage.
The killer bee stings you.
* * * LOW HITPOINT WARNING * * *
The killer bee stings you but does no damage.
The killer bee stings you.
You die...
Your body crumbles into a pile of gold.

,,,****,.,,**#.# ############!#
**,,****#...##.##### #.#
***,,,**#..........## #.#
,***,,,*##.#######.o# #.#
,⌠**,,,,**,,* ##F## #.#
_$**,,,,***,* #yy# #.#
,⌠**,,,,,**,* ##.# ***#..
,***,,,,,**,*#######o###****,,,,,
****,,,,,**,*#..@yF....(...#,***,
***,,,,,,**,*#..yy.©.©.....#,* *,
**⌠,,,,,***,*###############,***,
**,_,,,,**,,*##.OWOOO.....#.,,,,,
**⌠,,,,,**,,* #.#..#.#..#.#*,,,,,
***,,,,***,,* #..##...##..#*,***,
,********,,,**#.!**...#*..#*,* *,
,,*******,,,,*#.*,,#.#.,*,**,* *,
*,,,,,,,,,**,**,,,,,©,,,,©*,,***,


You could see a two-headed ogre, 3 ogres, a bullfrog, 3 killer bees, an orc
wizard and GrayStillPlays's ghost.

Vanquished Creatures
  A water moccasin zombie (D:4)
  2 orc priests
  5 orc wizards
  6 adders
  A gnoll (D:1)
  A worm (D:2)
  3 dart slugs
  5 orcs
  3 endoplasms (D:2)
  2 giant cockroaches
  5 goblins
  4 hobgoblins
  7 jackals (D:4)
  3 quokkas (D:2)
  10 ball pythons
  6 bats
  3 frilled lizards
  5 kobolds
  7 rats
79 creatures vanquished.

Vanquished Creatures (others)
  37 plants (D:3)
37 creatures vanquished.

Grand Total: 116 creatures vanquished

Notes
Turn   | Place    | Note
-------+----------+-------------------------------------------
     0 | D:1      | joshe the Gargoyle Fighter began the quest for the Orb.
     0 | D:1      | Reached XP level 1. HP: 14/14 MP: 1/1
    51 | D:1      | Found Vuru's Assorted Antiques.
    77 | D:1      | Reached XP level 2. HP: 19/19 MP: 2/2
   200 | D:1      | Reached skill level 3 in Maces & Flails
   662 | D:1      | Reached XP level 3. HP: 21/23 MP: 3/3
  1137 | D:2      | Reached skill level 4 in Maces & Flails
  1305 | D:2      | Reached XP level 4. HP: 28/28 MP: 4/4
  1396 | D:2      | Found a shimmering altar of Xom.
  1947 | D:3      | Found a sparkling altar of Nemelex Xobeh.
  2158 | D:3      | Found a sacrificial altar of Ru.
  2452 | D:3      | Reached skill level 5 in Maces & Flails
  2452 | D:3      | Reached XP level 5. HP: 32/32 MP: 5/5
  2702 | D:3      | Found an opulent altar of Gozag.
  2733 | D:3      | Became a worshipper of Gozag Ym Sagoz the Greedy
  3014 | D:3      | Reached skill level 6 in Maces & Flails
  3014 | D:3      | Reached XP level 6. HP: 16/37 MP: 6/6
  3530 | D:1      | Bought a thin blue amulet for 120 gold pieces
  3530 | D:1      | Bought a glowing cyan potion for 21 gold pieces
  3530 | D:1      | Bought a metallic sapphire potion for 21 gold pieces
  3883 | D:4      | Found a shimmering altar of Xom.
  3883 | D:4      | Noticed an orc warrior
  3965 | D:4      | Gained mutation: Your flesh is cold resistant. (rC+)
                  | [potion of mutation]
  3965 | D:4      | Gained mutation: Your spells are a little harder to cast,
                  | but a little more powerful. [potion of mutation]
  3965 | D:4      | Gained mutation: Your mind is acute. (Int +2) [potion of
                  | mutation]
  3965 | D:4      | Gained mutation: Your flesh is heat resistant. (rF+)
                  | [potion of mutation]
  3996 | D:4      | Noticed an orc warrior
  3997 | D:4      | Noticed a black bear
  4004 | D:4      | Found a transporter.
  4216 | D:4      | Reached skill level 7 in Maces & Flails
  4273 | D:4      | Found a transporter.
  4353 | D:4      | You fall into a shaft and drop 3 floors!
  4441 | D:7      | Found a transporter.
  4441 | D:7      | Noticed GrayStillPlays's ghost (novice VSFi)
  4442 | D:7      | Identified the +7 great mace of Unpleasantness {protect,
                  | +Blink rN+ Int+5}
  4442 | D:7      | Noticed a two-headed ogre
  4450 | D:7      | Slain by a killer bee

Illustrated notes

Levels and vault maps discovered:
D:1:      giann_bridges, layout_basic, serial_shops, shop, nrook_loot_triangle,
          lemuel_another_geyser
D:2:      layout_loops_ring, basic_altar
D:3:      layout_rooms, overflow_temple_1_default, nicolae_ru_awakened_eye,
          nicolae_gozag_cash_rules_everything_around_me, serial_bayou_lagoon_a,
          kennysheep_small_spiral
D:4:      layout_loops_ring, gammafunk_temple_overflow_arena, dk_noncrumbling_2
D:7:      layout_loops_ring, mainiacjoe_overflow_cross_hatched,
          kennysheep_ying_yang, minmay_temple_entry_overgrown,
          gammafunk_ghost_smash

Skill      XL: |  1  2  3  4  5  6 |
---------------+-------------------+-----
Maces & Flails | 3 4 5 6 7 |  7.0
Fighting       | |  3.4
Armour         | |  3.2
Shields        | |  3.2

Action                   |  1- 3 |  4- 6 || total
-------------------------+-------+-------++-------
Melee: Flail             |    84 |   258 ||   342
Throw: Boomerang         |       |     5 ||     5
       Dart              |       |     4 ||     4
Evoke: Wand              |       |     3 ||     3
  Use: Scroll            |       |     7 ||     7
       Potion            |       |     6 ||     6
 Stab: Distracted        |       |     1 ||     1
Armor: Scale mail        |    40 |   174 ||   214
Dodge: Dodged            |    37 |   137 ||   174
Block: Buckler           |    19 |    60 ||    79
